 Dungeon Crawl Stone Soup version 0.27.1-15-g792fb953b9 (webtiles) character file.

Game seed: 9368365943568060412

146 bearlyready the Insei (level 5, -4/33 HPs)
             Began as an Octopode Transmuter on Nov 20, 2021.
             Slain by Sigmund (17 damage)
             ... on level 3 of the Dungeon.
             The game lasted 00:03:03 (3134 turns).

bearlyready the Insei (Octopode Transmuter)         Turns: 3134, Time: 00:03:03

Health: -4/33      AC:  2    Str: 15    XL:     5   Next: 28%
Magic:  11/17      EV: 20    Int: 17    God:
Gold:   71         SH:  0    Dex: 23    Spells: 2/8 levels left

rFire    . . .     SeeInvis .     - Unarmed
rCold    . . .     Faith    .   (shield currently unavailable)
rNeg     . . .     Spirit   .   (helmet currently unavailable)
rPois    x         Reflect  .   (no amulet)
rElec    .         Harm     .   l - +6 ring of dexterity
rCorr    .         Rampage  .   i - ring of magical power
Will     .....                  n - +6 ring of strength
Stlth    ++........             (no ring)
HPRegen  0.11/turn              (no ring)
MPRegen  0.15/turn              (no ring)
                                (no ring)
                                (no ring)

@: spider-form, very slightly contaminated
A: venomous fangs, almost no armour, (amphibious), 8 rings, tiny, (camouflage
1), (gelatinous body 1), (nimble swimmer 1), (tentacles)
a: End Transformation


You were on level 3 of the Dungeon.
You were a venomous arachnid creature.
You visited 1 branch of the dungeon, and saw 3 of its levels.

You collected 71 gold pieces.

Inventory:

Missiles
 k - 8 silver javelins
Armour
 b - a +1 hat (melded)
Jewellery
 i - a ring of magical power (right front leg)
 l - a +6 ring of dexterity (left front leg)
 n - a +6 ring of strength (on tentacle)
Scrolls
 c - a scroll of fog {unknown}
 d - a scroll of torment {unknown}
 e - 2 scrolls of identify {unknown}
 h - a scroll of amnesia {unknown}
 j - a scroll of magic mapping {unknown}
 m - a scroll of brand weapon {unknown}
 o - a scroll of enchant armour {unknown}
Potions
 a - a potion of curing {unknown}
 f - 2 potions of heal wounds {unknown}
 g - 2 potions of magic {unknown}


   Skills:
 - Level 1.0 Fighting
 - Level 2.0 Dodging
 + Level 4.3 Unarmed Combat
 - Level 2.0 Spellcasting
 + Level 3.6 Transmutations
 + Level 2.4 Poison Magic


You had 2 spell levels left.
You knew the following spells:

 Your Spells              Type           Power      Damage    Failure   Level
a - Beastly Appendage     Tmut           26%        N/A       13%         1
b - Wereblood             Tmut           13%        N/A       19%         2
c - Spider Form           Tmut/Pois      6%         N/A       36%         3

Your spell library contained the following spells:

 Spells                   Type           Power      Damage    Failure   Level
 Poisonous Vapours        Pois/Air       10%        N/A       38%         2
 Corpse Rot               Necr/Air       N/A        N/A       50%         2
 Ice Form                 Ice/Tmut       7%         N/A       85%         4
 Freezing Cloud           Conj/Ice/Air   0%         6-21      100%        5


Dungeon Overview and Level Annotations

Branches:
Dungeon (3/15)

Altars:

Annotations:
D:3 Sigmund


Innate Abilities, Weirdness & Mutations

You are a venomous arachnid creature.
You have poisonous fangs.
You are tiny and dextrous.
Your spellcasting is less reliable in this form.
Your armour is entirely melded.
You are incapable of wielding weapons or throwing items.
You cannot wear most types of armour.
((You are amphibious.))
You can wear up to eight rings at the same time.
((Your skin changes colour to match your surroundings (Stealth+).))
((Your rubbery body absorbs attacks. (AC +1, EV +1)))
((You are camouflaged near water. (Stealth+)))
((You have tentacles for arms and can constrict up to eight enemies at once.))


Message History

You barely miss the orc.
You hiss as the wereblood boils in your veins!
The orc hits you but does no damage.
You barely miss the orc.
Your primal bloodlust is almost over.
You bite the orc!
You kill the orc!
You see here a +0 hand axe.
Your transformation has ended.
Your +1 hat unmelds from your body.
You howl as the wereblood boils in your veins!
You howl as the wereblood boils in your veins!
Your primal bloodlust has ended.
You now have 71 gold pieces (gained 12).
Sigmund is nearby!
Sigmund is nearby!
Sigmund is nearby!
Casting: Spider Form (quite dangerous; 17% risk of failure)
Confirm with . or Enter, or press ? or * to list all spells.
The spell is quite dangerous to cast (17% risk of failure)!
Continue anyway?
You miscast Spider Form.
You are very lightly contaminated with residual magic.
Nothing appears to happen.
Sigmund shouts!
Casting: Spider Form (quite dangerous; 17% risk of failure)
Confirm with . or Enter, or press ? or * to list all spells.
The spell is quite dangerous to cast (17% risk of failure)!
Continue anyway?
You turn into a venomous arachnid creature.
Your +1 hat melds into your body.
Sigmund points at you and mumbles some strange words.
The puff of flame hits you!
Sigmund hits you with a +4 scythe of freezing!
Sigmund freezes you.
You hit Sigmund.
Sigmund is lightly wounded.
You hit Sigmund.
Sigmund is moderately wounded.
Sigmund hits you with a +4 scythe of freezing!
Ouch! That really hurt!
You die...

# #.# #.#.#.# #.#
#.#...# #)#
#)##..# #.#
#.##..# #.#
#.###.# #.# ###.#
#.## #.# #<..#
#..#
#####.#########[.#
#.............s@.#
#.........######.#
#...).....# .#
#.........# #
#.).......#
#.........#
#.........#
#.........#
###########


You could see Sigmund.

Vanquished Creatures
  Jessica (D:3)
  An orc wizard (D:3)
  2 adders
  A worm (D:2)
  3 dart slugs
  2 orcs (D:3)
  5 ball pythons
  8 endoplasms
  2 giant cockroaches (D:2)
  7 goblins
  4 hobgoblins
  3 jackals (D:1)
  7 kobolds
  2 quokkas (D:1)
  6 bats
  2 frilled lizards
  8 rats
64 creatures vanquished.

Notes
Turn   | Place    | Note
-------+----------+-------------------------------------------
     0 | D:1      | bearlyready the Octopode Transmuter began the quest for the
                  | Orb.
     0 | D:1      | Reached XP level 1. HP: 13/13 MP: 3/3
   430 | D:1      | Found a faded altar of an unknown god.
   453 | D:1      | Reached XP level 2. HP: 18/18 MP: 5/5
   975 | D:1      | Reached XP level 3. HP: 19/23 MP: 6/6
  1055 | D:1      | Learned a level 2 spell: Wereblood
  1059 | D:1      | Learned a level 3 spell: Spider Form
  1970 | D:2      | Reached skill level 1 in Poison Magic
  2005 | D:2      | Reached XP level 4. HP: 22/28 MP: 7/7
  2751 | D:3      | Noticed Jessica
  2756 | D:3      | Killed Jessica
  2757 | D:3      | Reached skill level 4 in Unarmed Combat
  3034 | D:3      | Reached XP level 5. HP: 30/33 MP: 8/8
  3075 | D:3      | Noticed Sigmund
  3134 | D:3      | Slain by Sigmund

Illustrated notes

Levels and vault maps discovered:
D:1:      minmay_arrival_four_circles, layout_loops_corners,
          shapermc_ecumenical_altar_totnotflames, serial_glass, glass_columns_b,
          glass_columns_c, glass_columns_a, glass_columns_c, st_stairs_12,
          item_on_display_a
D:2:      layout_loops_ring, minmay_misc_feat_rows, st_stairs_1,
          kennysheep_generic_room_3
D:3:      layout_basic, nicolae_underground_beach, uniq_sigmund, uniq_jessica

Skill      XL: |  1  2  3  4 |
---------------+-------------+-----
Transmutations | 3 |  3.6
Poison Magic   | 1 2 |  2.4
Unarmed Combat | 4 |  4.3
Fighting       | |  1.0
Dodging        | |  2.0
Spellcasting   | |  2.0

Action                   |  1- 3 |  4- 6 || total
-------------------------+-------+-------++-------
Melee: Unarmed           |    92 |    55 ||   147
       Constrict         |    23 |    11 ||    34
       Tentacles         |    10 |    10 ||    20
       Kick              |     9 |       ||     9
       Punch             |     1 |     1 ||     2
 Cast: Beastly Appendage |     6 |       ||     6
       Wereblood         |     1 |     1 ||     2
       Spider Form       |       |     3 ||     3
 Stab: Sleeping          |     8 |     3 ||    11
Armor: Skin              |    17 |     5 ||    22
Dodge: Dodged            |    37 |    25 ||    62
